 Dungeon Crawl Stone Soup version bcrawl-1.19.1 (webtiles) character file.

Game seed: 4633191985423822129

142 Revguard the Slasher (level 5, -4/39 HPs)
             Began as a Demonspawn Gladiator on Nov 25, 2019.
             Killed by divine providence
             ... invoked by an orc priest
              (15 damage)
             ... on level 4 of the Dungeon.
             The game lasted 00:06:35 (1903 turns).

Revguard the Slasher (Demonspawn Gladiator)         Turns: 1903, Time: 00:06:35

Health: -4/39      AC:  4    Str: 13 (14) XL:     5   Next: 4%
Magic:  5/5        EV: 13    Int:  8 (10) God:
Gold:   193        SH:  5    Dex: 12 (15) Spells: 4/4 levels left

rFire    . . .     SeeInvis .   a - +0 long sword
rCold    . . .     Gourm    .   (no shield)
rNeg     . . .     Faith    .   b - +0 leather armour
rPois    .         Spirit   .   c - +0 helmet
rElec    .         Reflect  .   (no cloak)
rCorr    .         Harm     .   (no gloves)
MR       .....     Rnd*Rage +   (no boots)
Stlth    +.........             (no amulet)
HPRegen  0.13/turn              (no ring)
MPRegen  0.09/turn              (no ring)

@: no status effects
A: hooves 1, large bone plates 1, berserk 1, spiny 1
a: no special abilities


You were on level 4 of the Dungeon.
You were not hungry.

You visited 1 branch of the dungeon, and saw 4 of its levels.

You collected 193 gold pieces.

Inventory:

Hand Weapons
 a - a +0 long sword (weapon)
Missiles
 d - 3 throwing nets {!f}
 e - 66 poisoned tomahawks (quivered)
 l - 145 tomahawks
Armour
 b - a +0 leather armour (worn)
 c - a +0 helmet (worn)
Scrolls
 g - 2 scrolls of magic mapping {unknown}
 h - 3 scrolls of identify {unknown}
 i - 2 scrolls of immolation {unknown}
 k - a scroll of remove curse {unknown}
 m - 2 scrolls of enchant armour {unknown}
 n - a scroll of amnesia {unknown}
 p - a scroll of enchant weapon {unknown}
Potions
 j - a potion of haste
 q - a potion of flight {unknown}
Comestibles
 f - 4 rations {!d}
 r - 2 chunks of flesh


   Skills:
 + Level 2.5 Fighting
 + Level 3.7 Long Blades
 + Level 1.8 Throwing
 * Level 1.9 Armour
 + Level 3.5 Dodging


You had 4 spell levels left.
You didn't know any spells.
Your spell library was empty.

Dungeon Overview and Level Annotations

Branches:
Dungeon (4/12)
 Temple: D:4-7

Altars:


Innate Abilities, Weirdness & Mutations

You are partially covered in large bone plates. (SH +4)
You are partially covered in sharp spines.
You have large cloven feet.
You tend to lose your temper in combat.


Message History

You completely miss the orc priest.
You kick the orc priest, but do no damage.
The orc priest is struck by your spines.
The orc priest hits you.
It was a potion of degeneration.
There was something very wrong with that liquid.
You feel weakened.
You feel dopey.
You feel clumsy. The orc priest hits you.
You hit the orc priest. Your kick misses the orc priest.
The orc priest is moderately wounded.
The orc priest calls upon Beogh to heal the orc priest.
The orc priest's wounds heal themselves!
The orc priest is struck by your spines.
The orc priest hits you.
* * * LOW HITPOINT WARNING * * *
You closely miss the orc priest.
The orc priest is lightly wounded.
The orc priest calls down the wrath of Beogh upon you.
Beogh smites you!
You die...

..... .!. ...
... #.# #. #o#
#.# #o# #.# #@#
#.# #.# #.# #.#
#.# #.#
#######.####.#
#.)..........#
.#####.######
#######.#######
##.............#


You could see 2 orc priests.

Vanquished Creatures
  2 orc wizards
  An adder (D:3)
  3 worms
  3 dart slugs
  3 leopard geckos
  6 orcs
  3 giant cockroaches
  3 goblins (D:1)
  7 hobgoblins
  3 jackals (D:2)
  8 kobolds
  A quokka (D:2)
  2 bats
  4 frilled lizards
  7 rats
56 creatures vanquished.

Notes
Turn   | Place    | Note
-------+----------+-------------------------------------------
     0 | D:1      | Revguard the Demonspawn Gladiator began the quest for the
                  | Orb.
     0 | D:1      | Reached XP level 1. HP: 16/16 MP: 1/1
   280 | D:1      | Gained mutation: You are partially covered in large bone
                  | plates. (SH +4) [demonic ancestry]
   280 | D:1      | Reached XP level 2. HP: 22/22 MP: 2/2
   673 | D:2      | Gained mutation: You tend to lose your temper in combat.
                  | [potion of mutation]
   673 | D:2      | Gained mutation: You have large cloven feet. [potion of
                  | mutation]
   675 | D:2      | Gained mutation: You are partially covered in sharp spines.
                  | [demonic ancestry]
   675 | D:2      | Reached XP level 3. HP: 6/27 MP: 3/3
   973 | D:2      | Reached skill level 1 in Armour
  1438 | D:3      | Reached XP level 4. HP: 29/34 MP: 4/4
  1897 | D:4      | Reached XP level 5. HP: 17/39 MP: 5/5
  1903 | D:4      | Killed from afar by an orc priest

Skill      XL: |  1  2  3 |
---------------+----------+-----
Dodging        | 3 |  3.5
Long Blades    | 3 |  3.7
Armour         | 1 |  1.9
Fighting       | |  2.5
Throwing       | |  1.8

Action                   |  1- 3 |  4- 6 || total
-------------------------+-------+-------++-------
Melee: Long sword        |   116 |    33 ||   149
       Kick              |    15 |    10 ||    25
Throw: Tomahawk          |     3 |       ||     3
       Throwing net      |     1 |       ||     1
  Use: Potion            |     4 |     2 ||     6
 Stab: Sleeping          |     3 |       ||     3
  Eat: Chunk             |     2 |     1 ||     3
Armor: Leather armour    |    22 |     4 ||    26
Dodge: Dodged            |    67 |    14 ||    81
Block: Other             |    22 |    13 ||    35
